 Dungeon Crawl Stone Soup version 0.31-a0-1321-g5021b54cb2 (webtiles) character file.

Game seed: 5477122439108248971

23103 Sabo the Severer (level 12, -8/112 HPs)
             Began as a Minotaur Monk on Dec 19, 2023.
             Was the Champion of Trog.
             Killed by divine providence
             ... invoked by an orc priest
              (12 damage)
             ... on level 2 of the Orcish Mines on Dec 20, 2023.
             The game lasted 01:37:35 (14346 turns).

Sabo the Severer (Minotaur Monk)                   Turns: 14346, Time: 01:37:37

Health: -8/112     AC: 27    Str: 24    XL:     12   Next: 68%
Magic:  11/11      EV: 14    Int:  4    God:    Trog [******]
Gold:   961        SH:  0    Dex: 12    Spells: 11/11 levels left

rFire   + . .        y - +8 battleaxe "Qupp" {heavy, rElec Int-5 SInv}
rCold   . . .        (shield currently unavailable)
rNeg    . . .        j - +2 plate armour {rC+}
rPois   .            (helmet restricted)
rElec   +            H - +2 cloak of Kommup {Int+3 Dex-4 SInv Stlth+}
rCorr   .            L - +2 pair of gloves
SInv    +            o - +2 pair of boots of Creativity {Dex+3}
Will    .....        (no amulet) Stlth
                     f - +5 ring of evasion
HPRegen 0.38/turn    p - ring of fire
MPRegen 0.12/turn

%: no passive effects
@: confused, ambrosia-drunk
A: horns 2, retaliatory headbutt, mutation resistance 1, strong 1
a: Renounce Religion, Berserk, Trog's Hand, Brothers in Arms


You were on level 2 of the Orcish Mines.
You worshipped Trog.
Trog was exalted by your worship.
You visited 3 branches of the dungeon, and saw 13 of its levels.
You also visited: Ossuary and Bailey.

You collected 1426 gold pieces.
You spent 465 gold pieces at shops.

Inventory:

Hand Weapons
 e - a +3 trident
 k - a +0 war axe
 y - the +8 battleaxe "Qupp" (weapon) {heavy, rElec Int-5 SInv}
   (Trog gifted it to you on level 9 of the Dungeon)

   Int-5:     It affects your intelligence (-5).
   rElec:     It insulates you from electricity.
   SInv:      It lets you see invisible.
 I - a +0 orcbow
 O - a +1 glaive of pain
 P - a +2 flail of holy wrath
 S - a +6 battleaxe of freezing
Missiles
 a - 21 poisoned darts (quivered)
 D - 5 javelins
Armour
 d - an orb of light
 j - a +2 plate armour of cold resistance (worn)
 o - the +2 pair of boots of Creativity (worn) {Dex+3}
   (You bought it in a shop on level 6 of the Dungeon)

   Dex+3:     It affects your dexterity (+3).
 H - the +2 cloak of Kommup (worn) {Int+3 Dex-4 SInv Stlth+}
   (You bought it in a shop on level 6 of the Dungeon)

   Int+3:     It affects your intelligence (+3).
   Dex-4:     It affects your dexterity (-4).
   SInv:      It lets you see invisible.
   Stlth+:    It makes you more stealthy.
 L - a +2 pair of gloves (worn)
Jewellery
 f - a +5 ring of evasion (left hand)
 p - a ring of fire (right hand)
 J - a ring of protection from cold
 M - a ring of poison resistance
 T - a ring of protection from fire
Talismans
 Q - a granite talisman
Wands
 i - a wand of paralysis (8)
 r - a wand of flame (15)
 G - a wand of roots (12)
 K - a wand of mindburst (15)
 U - a wand of quicksilver (6)
Scrolls
 n - 4 scrolls of fog
 q - 6 scrolls of summoning
 t - 2 scrolls of fear
 v - 3 scrolls of poison
 z - 3 scrolls of blinking
Potions
 b - a potion of heal wounds
 c - 2 potions of ambrosia
 g - 3 potions of magic {unknown}
 h - 5 potions of mutation
 l - a potion of invisibility
 m - 3 potions of curing
 s - a potion of enlightenment
 u - a potion of resistance {unknown}
 w - 4 potions of might {unknown}
 x - a potion of attraction {unknown}
 A - a potion of brilliance {unknown}
 B - a potion of degeneration {unknown}
 C - a potion of lignification {unknown}
 E - a potion of berserk rage {unknown}
 F - 2 potions of cancellation {unknown}
 N - 2 potions of haste {unknown}


   Skills:
 + Level 11.8 Fighting
 + Level 18.2 Axes
 + Level 3.8 Ranged Weapons
 + Level 11.7 Armour
 + Level 6.4 Dodging
 + Level 1.8 Stealth


You had 11 spell levels left.
You didn't know any spells.
Your spell library contained the following spells:

 Spells                   Type           Power      Damage    Failure   Level
 Blink                    Tloc           0%         N/A       100%        2
 Lesser Beckoning         Tloc           0%         N/A       100%        2
 Momentum Strike          Conj/Tloc      0%         3d8       100%        2
 Haunt                    Necr/Summ      0%         N/A       100%        7
 Borgnjor's Revivificati  Necr           0%         N/A       100%        8
 Death's Door             Necr           0%         N/A       100%        9


Dungeon Overview and Level Annotations

Branches:
Dungeon (10/15)            Temple (1/1) D:5            Lair (0/5) D:9
    Orc (2/2) D:10            Elf (0/3) Orc:2       Ossuary (visited)
 Bailey (visited)

Altars:
Ashenzari
Cheibriados
Dithmenos
Elyvilon
Fedhas
Gozag
Hepliaklqana
Kikubaaqudgha
Makhleb
Nemelex Xobeh
Okawaru
Qazlal
Ru
Sif Muna
Trog
Uskayaw
Vehumet
Wu Jian
Xom
Yredelemnul
Zin
The Shining One

Shops:
D:5 =*   D:6 [:[   Orc:1 *   Orc:2 **


Innate Abilities, Weirdness & Mutations

You have a pair of horns on your head.
You reflexively headbutt those who attack you in melee.
You are somewhat resistant to further mutation.
Your muscles are strong. (Str +4, Int/Dex -1)


Message History

You kill the ynoxinul!
The ynoxinul disappears in a puff of smoke!
The ufetubus disappears in a puff of smoke! x2
You hear a shout!
The orc priest miscasts a cantrip.
The orc high priest mumbles some strange prayers to Beogh against you.
Beogh smites you!
* * * LOW HITPOINT WARNING * * *
The orc high priest mumbles some strange prayers to Beogh.
An orc warrior comes into view. It is wielding a +0 war axe.
The orc priest hits you but does no damage.
You bump into the stone wall.
An ogre comes into view. It is wielding a +0 giant club.
The orc priest barely misses you.
You bump into the stone wall.
The ogre shouts!
You hear a shout!
The orc high priest mumbles some strange prayers to Beogh against you.
You resist with significant effort.
The orc high priest hits you from afar with a +2 glaive of protection.
* * * LOW HITPOINT WARNING * * *
The orc priest hits you but does no damage.
The orc priest miscasts a cantrip.
The orange demon closely misses you.
You bump into the stone wall.
The orc high priest closely misses you.
The orc priest mumbles some strange prayers to Beogh against you.
Beogh smites you!
* * * LOW HITPOINT WARNING * * *
The orc priest hits you but does no damage.
The orc priest mumbles some strange prayers to Beogh against you.
Beogh smites you!
* * * LOW HITPOINT WARNING * * *
The orange demon stings you but does no damage.
You bump into the stone wall.
The orc high priest barely misses you.
An orc wizard comes into view. It is wielding a +0 dagger.
The orc high priest hits you from afar with a +2 glaive of protection!
* * * LOW HITPOINT WARNING * * *
The orc priest hits you but does no damage.
The orc priest mumbles some strange prayers to Beogh against you.
Beogh smites you!
You die...

##.# ##∩.∩#
#.....#
..#.#..##
........##
.#.#.#..)##
......[)))##
#..o..#)#))##
...#.oo@##.)##
. ##...###..##
##4oo ##.)##
### ##o4o
##))###.##
##4oo
##......# #oo.
##.)).## #.#.
##)))# #...
##).## ##.)..#


You could see 2 orc high priests, an orange demon (summoned), an ice devil
(summoned), a rust devil (summoned), 2 orc warriors, 5 orc priests, an orc
wizard and an orc.

Vanquished Creatures
  A hydra (D:9)
  3 two-headed ogres
  A sun demon (Orc:2)
  6 orc knights
  4 orc sorcerers (Orc:2)
  An unseen horror (D:10)
  A freezing wraith (D:9)
  A komodo dragon (D:9)
  A tengu conjurer (D:9)
  5 trolls
  3 hornets
  A wraith (D:9)
  A shadow (D:10)
  3 wyverns
  A ynoxinul (Orc:2)
  A warg (Orc:2)
  An unseen horror simulacrum (D:9)
  Grum (D:8)
  6 yaks (D:9)
  3 steam dragons
  3 water moccasins
  Duvessa (D:5)
  38 orc warriors
  A black bear (D:7)
  3 ice beasts
  2 sky beasts
  4 wolves (D:8)
  3 ogres
  5 centaurs
  A phantom (D:6)
  A kobold brigand (D:9)
  3 bullfrogs
  7 scorpions
  6 wights
  Dowan (D:5)
  23 killer bees
  3 howler monkeys
  3 crimson imps (D:5)
  A gnoll bouda (D:9)
  21 orc priests
  A hound (D:6)
  4 iguanas
  2 sleepcaps
  Jessica (D:2)
  Natasha (twice) (D:2)
  20 orc wizards
  8 mummies (Ossuary)
  10 adders
  4 gnolls (D:3)
  3 white imps (D:7)
  2 ufetubi (D:7)
  3 worms (D:4)
  4 dart slugs
  91 orcs
  9 endoplasms
  3 giant cockroaches
  9 goblins
  10 hobgoblins
  2 jackals (D:4)
  6 kobolds
  2 quokkas
  13 ball pythons
  7 bats
  4 frilled lizards
  5 hobgoblin zombies (Ossuary)
  3 orc zombies (Ossuary)
  2 rats
405 creatures vanquished.

Vanquished Creatures (collateral kills)
  An orc knight (Orc:2)
  An orc sorcerer (Orc:2)
  A ynoxinul (Orc:2)
  An ogre (Orc:2)
  An orc wizard (Orc:2)
  7 orcs (Orc:2)
12 creatures vanquished.

Vanquished Creatures (others)
  A wyvern (D:9)
  An orc wizard (Orc:1)
  An orc (Orc:2)
3 creatures vanquished.

Grand Total: 420 creatures vanquished

Notes
Turn   | Place    | Note
-------+----------+-------------------------------------------
     0 | D:1      | Sabo the Minotaur Monk began the quest for the Orb.
     0 | D:1      | Reached XP level 1. HP: 19/19 MP: 0/0
    41 | D:1      | Reached XP level 2. HP: 18/27 MP: 1/1
   393 | D:1      | Reached skill level 4 in Axes
   651 | D:1      | Reached XP level 3. HP: 33/33 MP: 2/2
  1249 | D:2      | Noticed Jessica
  1257 | D:2      | Killed Jessica
  1474 | D:2      | Reached XP level 4. HP: 41/41 MP: 3/3
  1525 | D:2      | Noticed Natasha
  1536 | D:2      | Killed Natasha
  2099 | D:2      | Noticed Natasha
  2145 | D:2      | Killed Natasha
  2146 | D:2      | Reached skill level 5 in Axes
  2146 | D:2      | Reached skill level 1 in Armour
  2404 | D:3      | Noticed a scorpion
  2412 | D:3      | Killed a scorpion
  2413 | D:3      | Reached XP level 5. HP: 42/47 MP: 4/4
  2907 | D:3      | Reached XP level 6. HP: 50/55 MP: 5/5
  3339 | D:4      | Reached skill level 6 in Axes
  3582 | D:4      | Reached skill level 5 in Fighting
  3654 | D:4      | Noticed a sky beast
  3661 | D:4      | Killed a sky beast
  3662 | D:4      | Reached skill level 7 in Axes
  3662 | D:4      | Reached XP level 7. HP: 56/61 MP: 6/6
  4109 | D:5      | Entered Level 5 of the Dungeon
  4118 | D:5      | Found a staircase to the Ecumenical Temple.
  4127 | Temple   | Entered the Ecumenical Temple
  4224 | Temple   | Became a worshipper of Trog the Wrathful
  4224 | Temple   | Reached * piety under Trog
  4224 | Temple   | Reached ** piety under Trog
  4283 | D:5      | Reached skill level 8 in Axes
  4367 | D:5      | Found a hide-covered altar of Uskayaw.
  4367 | D:5      | Found a glowing golden altar of the Shining One.
  4375 | D:5      | Found a snail-covered altar of Cheibriados.
  4394 | D:5      | Found a radiant altar of Vehumet.
  4394 | D:5      | Found a shadowy altar of Dithmenos.
  4637 | D:5      | Found Jikhlih's Jewellery Boutique.
  4744 | D:5      | Reached XP level 8. HP: 30/70 MP: 7/7
  4923 | D:5      | Reached skill level 9 in Axes
  4923 | D:5      | Reached skill level 5 in Dodging
  5066 | D:5      | Found a shimmering altar of Xom.
  5077 | D:5      | Reached skill level 1 in Stealth
  5242 | D:5      | Found Heck's Neck Hole.
  5389 | D:5      | Noticed Duvessa
  5389 | D:5      | Noticed Dowan
  5396 | D:5      | Killed Duvessa
  5397 | D:5      | Killed Dowan
  5398 | D:5      | Reached skill level 10 in Axes
  5641 | D:6      | Found a burning altar of Makhleb.
  5665 | D:6      | Found a shimmering blue altar of Sif Muna.
  5736 | D:6      | Found a sand-covered staircase.
  5740 | Ossuary  | Entered an ossuary
  5805 | Ossuary  | Reached skill level 5 in Armour
  6200 | D:6      | Found Igum's Antique Armour Shoppe.
  6451 | D:6      | Found Lefuifak's Book Boutique.
  6482 | D:6      | Found Wuseifik's Antique Armour Shoppe.
  6530 | D:6      | Reached *** piety under Trog
  6541 | D:6      | Found a white marble altar of Elyvilon.
  6736 | D:6      | Found a stormy altar of Qazlal.
  6736 | D:6      | Found a blossoming altar of Fedhas.
  6746 | D:6      | Reached XP level 9. HP: 78/78 MP: 8/8
  6990 | D:6      | Bought a twisted cloak for 218 gold pieces
  6990 | D:6      | Identified the +2 cloak of Kommup {Int+3 Dex-4 SInv Stlth+}
                  | (You bought it in a shop on level 6 of the Dungeon)
  7071 | D:6      | Bought a pair of polished boots for 247 gold pieces
  7071 | D:6      | Identified the +2 pair of boots of Creativity {Dex+3} (You
                  | bought it in a shop on level 6 of the Dungeon)
  7157 | D:6      | Reached skill level 11 in Axes
  7439 | D:7      | Reached skill level 1 in Ranged Weapons
  8234 | D:7      | Reached skill level 12 in Axes
  8547 | D:8      | Noticed Grum
  8555 | D:8      | Reached **** piety under Trog
  8561 | D:8      | Killed Grum
  8563 | D:8      | Reached XP level 10. HP: 47/88 MP: 9/9
  8781 | D:8      | Found a sacrificial altar of Ru.
  9035 | D:8      | Found a hazy altar of Hepliaklqana.
  9142 | D:8      | Reached skill level 13 in Axes
  9525 | D:8      | Found an ancient bone altar of Kikubaaqudgha.
  9828 | D:8      | Gained mutation: You occasionally shout uncontrollably at
                  | your foes. [potion of mutation]
  9828 | D:8      | Gained mutation: You possess an exceptional clarity of
                  | mind. [potion of mutation]
  9829 | D:8      | Lost mutation: You possess an exceptional clarity of mind.
                  | [potion of mutation]
  9829 | D:8      | Lost mutation: You occasionally shout uncontrollably at
                  | your foes. [potion of mutation]
  9829 | D:8      | Gained mutation: Potions are less effective at restoring
                  | your health. [potion of mutation]
  9829 | D:8      | Gained mutation: Your flesh is heat resistant. (rF+)
                  | [potion of mutation]
  9830 | D:8      | Lost mutation: Your flesh is heat resistant. (rF+) [potion
                  | of mutation]
  9830 | D:8      | Lost mutation: Potions are less effective at restoring your
                  | health. [potion of mutation]
  9830 | D:8      | Gained mutation: You are partially covered in iridescent
                  | scales. (AC +2) [potion of mutation]
  9831 | D:8      | Lost mutation: You are partially covered in iridescent
                  | scales. (AC +2) [potion of mutation]
  9831 | D:8      | Gained mutation: You expend magic power (3 MP) to
                  | strengthen your wands. [potion of mutation]
  9831 | D:8      | Gained mutation: You are agile. (Dex +4, Str/Int -1)
                  | [potion of mutation]
  9831 | D:8      | Gained mutation: Your spells are a little easier to cast,
                  | but a little less powerful. [potion of mutation]
  9831 | D:8      | Gained mutation: You are somewhat resistant to further
                  | mutation. [potion of mutation]
  9832 | D:8      | Lost mutation: You expend magic power (3 MP) to strengthen
                  | your wands. [potion of mutation]
  9832 | D:8      | Lost mutation: You are agile. (Dex +4, Str/Int -1) [potion
                  | of mutation]
  9832 | D:8      | Lost mutation: Your spells are a little easier to cast, but
                  | a little less powerful. [potion of mutation]
  9832 | D:8      | Gained mutation: Your muscles are strong. (Str +4, Int/Dex
                  | -1) [potion of mutation]
  9963 | D:9      | Found a staircase to the Lair.
 10036 | D:9      | Reached ***** piety under Trog
 10041 | D:9      | Identified the +8 battleaxe "Qupp" {heavy, rElec Int-5
                  | SInv} (Trog gifted it to you on level 9 of the Dungeon)
 10041 | D:9      | Received a gift from Trog
 10099 | D:9      | Found a flagged portal.
 10124 | Bailey   | Entered a bailey
 10125 | Bailey   | Upgraded the game from 0.31-a0-1308-ga3cce3a448 to
                  | 0.31-a0-1321-g5021b54cb2
 10307 | Bailey   | Reached skill level 14 in Axes
 10357 | Bailey   | Noticed an orc knight
 10357 | Bailey   | Noticed an orc knight
 10379 | Bailey   | Killed an orc knight
 10381 | Bailey   | Killed an orc knight
 10594 | Bailey   | Reached XP level 11. HP: 97/97 MP: 10/10
 10943 | D:9      | You fall into a shaft and drop 1 floor!
 10943 | D:10     | Entered Level 10 of the Dungeon
 11105 | D:10     | Found a staircase to the Orcish Mines.
 11277 | D:10     | Noticed a two-headed ogre
 11283 | D:10     | Killed a two-headed ogre
 11284 | D:10     | Reached skill level 15 in Axes
 11660 | D:9      | Found a broken altar of Ashenzari.
 11824 | D:9      | Noticed a five-headed hydra
 11831 | D:9      | Killed a nine-headed hydra
 11832 | D:9      | Reached skill level 10 in Fighting
 11833 | D:9      | Reached skill level 10 in Armour
 11840 | D:9      | Received a gift from Trog
 12992 | D:10     | Reached skill level 16 in Axes
 13247 | Orc:1    | Entered Level 1 of the Orcish Mines
 13253 | Orc:1    | Noticed a two-headed ogre
 13279 | Orc:1    | Killed a two-headed ogre
 13457 | Orc:1    | Found Laaluhagh's Gadget Gallery.
 13529 | Orc:1    | Noticed a two-headed ogre
 13534 | Orc:1    | Killed a two-headed ogre
 13829 | Orc:2    | Entered Level 2 of the Orcish Mines
 13829 | Orc:2    | Noticed an orc knight
 13829 | Orc:2    | Noticed an orc sorcerer
 13831 | Orc:2    | Reached XP level 12. HP: 98/107 MP: 11/11
 14048 | Orc:2    | Found a radiant altar of Vehumet.
 14053 | Orc:2    | Found a staircase to the Elven Halls.
 14105 | Orc:2    | Reached skill level 17 in Axes
 14175 | Orc:2    | Reached ****** piety under Trog
 14296 | Orc:2    | Found Ibbuosma's General Store.
 14299 | Orc:2    | Found Ceuckuts's General Store.
 14319 | Orc:2    | Reached skill level 18 in Axes
 14334 | Orc:2    | Noticed an orc high priest
 14339 | Orc:2    | Noticed an orc high priest
 14346 | Orc:2    | HP: 4/112 [orc high priest/+2 glaive of protection (9)]
 14346 | Orc:2    | Killed from afar by an orc priest

Illustrated notes

Levels and vault maps discovered:
D:1:      ncdulo_lavacross, layout_loops_cross
D:2:      layout_basic, roderic_lattice_a, uniq_jessica, uniq_natasha
D:3:      layout_loops_corners, minmay_shallow_snake_nest
D:4:      layout_loops_ring, minmay_misc_feat_enclosed
D:5:      layout_loops_corners, led_xom_imps, grunt_temple_overflow_open,
          minmay_temple_entry_overgrown, serial_shops,
          nicolae_shop_hallway_plus, nicolae_shop_sticking_my_neck_out,
          uniq_duvessa
D:6:      nicolae_whirlpool, layout_cave_pods, elyvilon_altar_5,
          grunt_temple_overflow_forces_of_nature, amcnicky_altar_gilded,
          bloody_makhleb, serial_shops, nicolae_shop_rolling_square,
          nicolae_shop_just_a_little_nook, nicolae_shop_rolling_square,
          enter_ossuary_5
D:7:      layout_loops_cross
D:8:      layout_basic, kennysheep_mini_moat,
          mainiacjoe_overflow_surrounded_room,
          worldfamousw_hep_ancestral_shrine, grunt_ministairs_8, uniq_grum
D:9:      layout_layer_cave, mainiacjoe_overflow_alcove_2, david_lair_shrubbed,
          enter_bailey_3, nicolae_doodle_vault
D:10:     layout_basic, david_orc_5
Temple:   hellmonk_temple_of_storms
Orc:1:    layout_caves, nicolae_shop_gadgets
Orc:2:    pf_orc_diabolical, layout_caves, basic_altar,
          maelrawn_ghost_gauntlet_escape, minmay_orc_temple_a

Skill      XL: |  1  2  3  4  5  6  7  8  9 10 11 12 |
---------------+-------------------------------------+-----
Fighting       | 4 5 6 8 9 10 11 | 11.8
Axes           | 4 5 7 8 10 12 14 16 18 | 18.2
Dodging        | 4 5 6 |  6.4
Armour         | 1 2 3 4 5 6 8 10 11 | 11.7
Stealth        | 1 |  1.8
Ranged Weapons | 3 |  3.8

Action                     |  1- 3 |  4- 6 |  7- 9 | 10-12 || total
---------------------------+-------+-------+-------+-------++-------
  Melee: Hand axe          |    46 |       |       |       ||    46
         Headbutt          |    10 |    21 |    47 |    67 ||   145
         War axe           |    19 |   101 |   207 |   113 ||   440
         Battleaxe         |       |       |       |   251 ||   251
   Fire: Shortbow          |       |       |    32 |       ||    32
    Use: Scroll            |     1 |     4 |     9 |    11 ||    25
         Potion            |       |       |     1 |    16 ||    17
 Armour: Robe              |     9 |       |       |       ||     9
         Scale mail        |    15 |    43 |       |       ||    58
         Skin              |       |    16 |       |       ||    16
         Chain mail        |       |     8 |   186 |   179 ||   373
         Plate armour      |       |       |       |   220 ||   220
  Dodge: Dodged            |    47 |   119 |   221 |   478 ||   865

Table legend: (Time is in decaauts)
 A = Elapsed time spent in this place.
 B = Non-inter-level travel time spent in this place.
 C = Inter-level travel time spent in this place.
 D = Time resting spent in this place.
 E = Time spent auto-exploring this place.
 F = Levels seen in this place.
 G = Mean time per level.
                   A        B        C        D        E       F      G
               +--------+--------+--------+--------+--------+-----+--------+
         Total |  14513 |  14513 |      0 |   3184 |      0 |  15 |  967.5 |
       Dungeon |  12228 |  12228 |      0 |   2370 |      0 |  10 | 1222.8 |
        Temple |    130 |    130 |      0 |      0 |      0 |   1 |  130.0 |
  Orcish Mines |   1128 |   1128 |      0 |    339 |      0 |   2 |  564.0 |
       Ossuary |    410 |    410 |      0 |    142 |      0 |   1 |  410.0 |
        Bailey |    615 |    615 |      0 |    333 |      0 |   1 |  615.0 |
               +--------+--------+--------+--------+--------+-----+--------+

Top non-repeatable levels by time:
     D:9: 1676 daAuts
     D:6: 1430 daAuts
     D:5: 1404 daAuts
     D:2: 1384 daAuts
     D:8: 1283 daAuts
    D:10: 1174 daAuts
     D:7: 1109 daAuts
     D:3: 1078 daAuts
     D:1: 868 daAuts
     D:4: 817 daAuts
  Bailey: 615 daAuts
   Orc:1: 590 daAuts
   Orc:2: 537 daAuts
 Ossuary: 410 daAuts
  Temple: 130 daAuts
